 Dungeon Crawl Stone Soup version 0.31.0 (webtiles) character file.

Game seed: 7539037704015632282

660 Arcadio the Trooper (level 7, -4/64 HPs)
             Began as a Minotaur Berserker on Jan 19, 2024.
             Was a Believer of Trog.
             Killed from afar by a white imp (5 damage)
             ... with a puff of frost
             ... on level 8 of the Dungeon.
             The game lasted 00:06:06 (4348 turns).

Arcadio the Trooper (Minotaur Berserker)            Turns: 4348, Time: 00:06:07

Health: -4/64      AC:  6    Str: 30    XL:     7   Next: 30%
Magic:  6/6        EV: 11    Int:  4    God:    Trog [**....]
Gold:   308        SH:  0    Dex:  9    Spells: 6/6 levels left

rFire   . . .        q - +0 war axe
rCold   . . .        (no shield)
rNeg    . . .        c - +0 ring mail
rPois   +            (helmet restricted)
rElec   .            (no cloak)
rCorr   .            (no gloves)
SInv    .            (no boots)
Will    .....        l - amulet of magic regeneration Stlth
                     n - ring of poison resistance
HPRegen 0.30/turn    p - +6 ring of strength
MPRegen 0.50/turn

%: no passive effects
@: silenced, on berserk cooldown, slowed, very slow
A: horns 2, retaliatory headbutt
a: Renounce Religion


You were on level 8 of the Dungeon.
You worshipped Trog.
Trog was pleased with you.
You visited 2 branches of the dungeon, and saw 7 of its levels.

You collected 308 gold pieces.

Inventory:

Hand Weapons
 a - a +0 hand axe
 q - a +0 war axe (weapon)
Armour
 b - a +0 animal skin
 c - a +0 ring mail (worn)
Jewellery
 l - an amulet of magic regeneration (around neck)
 n - a ring of poison resistance (left hand)
 p - a +6 ring of strength (right hand)
 v - a ring of magical power
Scrolls
 e - a scroll of noise {unknown}
 j - a scroll of revelation
 m - a scroll of enchant weapon {unknown}
 r - a scroll of identify
 s - a scroll of amnesia {unknown}
 t - a scroll of teleportation {unknown}
 u - a scroll of vulnerability {unknown}
Potions
 f - a potion of berserk rage {unknown}
 g - 2 potions of might
 h - 2 potions of brilliance
 i - 5 potions of curing
 k - a potion of ambrosia {unknown}
 o - 2 potions of lignification {unknown}
 w - 2 potions of heal wounds {unknown}
 x - a potion of degeneration {unknown}


   Skills:
 + Level 6.7 Fighting
 + Level 6.5 Axes
 + Level 5.9 Armour
 - Level 2.1 Dodging


You had 6 spell levels left.
You didn't know any spells.
Your spell library was empty.

Dungeon Overview and Level Annotations

Branches:
Dungeon (5/15) Zot: 26983  Temple (1/1) D:5 Zot: 5998

Altars:
Ashenzari
Cheibriados
Dithmenos
Elyvilon
Fedhas
Gozag
Kikubaaqudgha
Makhleb
Nemelex Xobeh
Okawaru
Qazlal
Ru
Sif Muna
Trog
Uskayaw
Vehumet
Wu Jian
Xom
Yredelemnul
Zin
The Shining One


Innate Abilities, Weirdness & Mutations

You have a pair of horns on your head.
You reflexively headbutt those who attack you in melee.


Message History

A catoblepas comes into view.
The centaur warrior unwields a +0 orcbow.
The centaur warrior hits you! The centaur warrior barely misses you.
You hit the centaur warrior.
Your headbutt misses the centaur warrior.
The centaur warrior is lightly wounded.
You slash the catoblepas! The catoblepas gores you!
An orc comes into view. It is wielding a +0 club.
The centaur warrior wields a +0 orcbow.
The centaur warrior shoots an arrow.
The arrow barely misses you.
You hear a shout!
You are too berserk!
You feel a strong urge to attack something.
You hear a shout! x2
The centaur warrior shoots an arrow.
The arrow hits you!
* * * LOW HITPOINT WARNING * * *
You hear a shout!
A white imp comes into view.
You feel your anger nearly subside.
You are no longer berserk.
You are exhausted.
You feel yourself slow down.
The white imp shouts, "Scamper home, thou bumbling roguish mooer!"
The orc shouts!
As you read the scroll labelled RAPIS CUISHRUYF, it crumbles to dust.
You feel aware of your surroundings.
It was a scroll of revelation.
A steam dragon comes into view.
An orc comes into view. It is wielding a +0 short sword.
The white imp gestures at you. The puff of frost misses you.
The orc moves out of view.
An orc comes into view. It is wielding a +0 whip.
As you read the scroll labelled GAALOI DAKKIA, it crumbles to dust.
A profound silence engulfs you.
It was a scroll of silence.
The centaur warrior unwields a +0 orcbow.
The centaur warrior hits you!
* * * LOW HITPOINT WARNING * * *
The centaur warrior kicks you.
* * * LOW HITPOINT WARNING * * *
The white imp gestures at you. The puff of frost hits you.
You die...

*,* *,* *,* *,,,,>*
##.#####.#####.***,,,,,* *****
##.###...#####....,,,,,,
*,,,**##.###.#..........,.,,,,
*,,,,,...........D.....,..,,,,
*,,*,,.....#########.#,..,,,,,
**,,*,,.....##..###...#.#,*,,,*
**,,,**,....##....#......#,*,,,*
**,,,,***#.###..@..#....#.#.#,,,*
,,,,,,**,..5....#cY.[.......#*,**
**,,,,*,,.......#..#......###*,*
**,,,,*,,.###..##..#....#.#***,*
*,,,,,**,...##[#...##.......**,*
*,,*,,***....o$!....###......,,*
*,*,,,,,*#...#$##....##.#.#.#****
*,*,*,,,,#.o##..###...#...#,# *,
*,*,,,,,,*o,*.,,,,,...#..##,* *,


You could see a catoblepas (unsilenced), a centaur warrior, a white imp and an
orc.

Vanquished Creatures
  A troll (D:8)
  2 ogres
  2 bombardier beetles
  A hound (D:5)
  3 iguanas
  Robin (D:3)
  2 adders
  3 ribbon worms
  A dart slug (D:3)
  2 orcs
  5 endoplasms
  5 giant cockroaches
  5 hobgoblins
  4 jackals (D:5)
  3 quokkas
  4 ball pythons
  7 bats
  4 frilled lizards
  12 goblins
  A kobold (D:1)
  4 rats
72 creatures vanquished.

Notes
Turn   | Place    | Note
-------+----------+-------------------------------------------
     0 | D:1      | Arcadio the Minotaur Berserker began the quest for the Orb.
     0 | D:1      | Reached XP level 1. HP: 19/19 MP: 0/0
   397 | D:1      | Reached XP level 2. HP: 21/27 MP: 1/1
   785 | D:1      | Reached ** piety under Trog
  1225 | D:2      | Reached XP level 3. HP: 26/33 MP: 2/2
  1950 | D:3      | Found a hide-covered altar of Uskayaw.
  2082 | D:3      | Reached XP level 4. HP: 34/41 MP: 3/3
  2229 | D:3      | Noticed Robin
  2235 | D:3      | Killed Robin
  2653 | D:4      | HP: 2/41 [iguana (12)]
  3056 | D:4      | Reached skill level 5 in Fighting
  3056 | D:4      | Reached XP level 5. HP: 48/48 MP: 4/4
  3124 | D:4      | Reached skill level 5 in Axes
  3419 | D:4      | Noticed an ogre
  3568 | D:4      | Killed an ogre
  3711 | D:5      | Entered Level 5 of the Dungeon
  3721 | D:5      | Noticed an ogre
  3729 | D:5      | Killed an ogre
  3730 | D:5      | Reached skill level 5 in Armour
  3730 | D:5      | Reached XP level 6. HP: 29/57 MP: 5/5
  3924 | D:5      | Found a sparkling altar of Nemelex Xobeh.
  3926 | D:5      | Found a stormy altar of Qazlal.
  3935 | D:5      | Found an iron altar of Okawaru.
  3939 | D:5      | Found a basalt altar of Yredelemnul.
  4218 | D:5      | Found a staircase to the Ecumenical Temple.
  4226 | Temple   | Entered the Ecumenical Temple
  4330 | D:5      | You fall into a shaft and drop 3 floors!
  4332 | D:8      | Noticed a troll
  4338 | D:8      | Noticed a centaur warrior
  4340 | D:8      | Killed a troll
  4341 | D:8      | Reached XP level 7. HP: 48/64 MP: 6/6
  4341 | D:8      | Noticed a catoblepas
  4347 | D:8      | Noticed a steam dragon
  4348 | D:8      | HP: 3/64 [centaur warrior (8)]
  4348 | D:8      | HP: 1/64 [centaur warrior (2)]
  4348 | D:8      | Killed from afar by a white imp

Illustrated notes

Levels and vault maps discovered:
D:1:      mainiacjoe_arrival_reflecting_pool, layout_basic
D:2:      layout_basic
D:3:      layout_loops_ring, nicolae_uskayaw_murder_on_the_dancefloor,
          uniq_robin
D:4:      layout_layer_cave, minivault_11
D:5:      layout_basic, nicolae_overflow_macrodata_refinement,
          minmay_temple_entry_gardened_gates, serial_shops,
          nicolae_shop_waterfront
D:8:      minmay_curly_fans, layout_loops_ring, serial_demonic,
          serial_demonic_a, serial_demonic_a, serial_demonic_g,
          serial_demonic_e, serial_demonic_a, minmay_lizard_king
Temple:   compressed_dpeg_triangle_lava_temple

Skill      XL: |  1  2  3  4  5  6 |
---------------+-------------------+-----
Fighting       | 4 5 6 |  6.7
Axes           | 4 5 6 |  6.5
Armour         | 3 4 5 |  5.9
Dodging        | |  2.1

Action                     |  1- 3 |  4- 6 |  7- 9 || total
---------------------------+-------+-------+-------++-------
  Melee: Hand axe          |    96 |    41 |       ||   137
         Headbutt          |     9 |    13 |       ||    22
         Punch             |     1 |     1 |       ||     2
         War axe           |       |    40 |     1 ||    41
 Invoke: Berserk           |       |     4 |       ||     4
    Use: Scroll            |       |     3 |     2 ||     5
 Armour: Animal skin       |    11 |       |       ||    11
         Ring mail         |    46 |    47 |     6 ||    99
  Dodge: Dodged            |    54 |    49 |     3 ||   106
